 Dungeon Crawl Stone Soup version 0.14-a0-155-gd989017 (webtiles) character file.

386 Deemzul the Covert (level 5, -6/26 HPs)
             Began as a Spriggan Assassin on Oct 5, 2013.
             Was an Initiate of Okawaru.
             Killed from afar by an orc wizard (9 damage)
             ... with a magic dart
             ... on Level 4 of the Dungeon.
             The game lasted 00:13:44 (3339 turns).

Deemzul the Covert (Spriggan Assassin)              Turns: 3339, Time: 00:13:44

HP  -6/26        AC  3     Str  7      XL: 5   Next: 53%
MP   9/9         EV 19     Int 13      God: Okawaru [......]
Gold 181         SH  0     Dex 18      Spells:  0 memorised,  4 levels left

Res.Fire  : . . .   See Invis. : +   a - +2 dagger
Res.Cold  : . . .   Warding    : .   c - +0 robe (curse)
Life Prot.: . . .   Conserve   : .   (shield restricted)
Res.Poison: .       Res.Corr.  : .   (helmet restricted)
Res.Elec. : .       Clarity    : .   d - +0 cloak
Sust.Abil.: . .     Spirit.Shd : .   (gloves unavailable)
Res.Mut.  : .       Stasis     : +   (boots unavailable)
Res.Rott. : .       Flight     : .   m - amulet of stasis {unknown}
Saprovore : . . .                    (no ring)
                                     (no ring)

@: confused, very quick, somewhat resistant to hostile enchantments, fairly
stealthy
A: unfitting armour, see invisible, herbivore 3, speed 3, slow metabolism 2
a: Renounce Religion


You were on level 4 of the Dungeon.
You worshipped Okawaru.
Okawaru was noncommittal.
You were not hungry.

You visited 1 branch of the dungeon, and saw 4 of its levels.

You collected 131 gold pieces.

Inventory:

Hand weapons
 a - a +2,+2 dagger (weapon)
 b - a +0 blowgun
Missiles
 e - 16 poisoned needles
 f - a curare-tipped needle
Armour
 c - a cursed +0 robe (worn)
 d - a +0 cloak (worn)
Magical devices
 v - a wand of frost (10)
Comestibles
 l - a lychee
 s - a pear
 w - 3 bread rations
 E - a choko
 H - a slice of pizza
Scrolls
 h - a scroll of curse jewellery {unknown}
 i - 2 scrolls of enchant weapon II {unknown}
 k - a scroll of fog
 n - a scroll of curse armour
 o - a scroll of remove curse
 t - a scroll of recharging {unknown}
 u - 2 scrolls of amnesia {unknown}
 x - 2 scrolls of teleportation {unknown}
 y - a scroll of magic mapping
 C - a scroll of noise {unknown}
 G - a scroll of identify {unknown}
Jewellery
 m - an amulet of stasis (around neck) {unknown}
 r - an uncursed ring of hunger {unknown}
 J - an uncursed amulet of faith {unknown}
Potions
 g - a potion of porridge
 j - 2 potions of magic {unknown}
 p - 6 potions of curing {unknown}
 q - a potion of slowing {unknown}
 z - a potion of heal wounds {unknown}
 A - a potion of restore abilities {unknown}
 B - a potion of degeneration {unknown}
 D - a potion of flight {unknown}
 F - 2 potions of might
 K - a potion of resistance {unknown}


   Skills:
 + Level 1.7 Fighting
 * Level 3.3 Short Blades
 + Level 3.5 Throwing
 + Level 3.4 Dodging
 * Level 8.0 Stealth


You had 4 spell levels left.
You didn't know any spells.

Dungeon Overview and Level Annotations

Branches:
Dungeon (4/27)
 Temple: D:4-7

Altars:
Kikubaaqudgha
Okawaru
Vehumet


Innate Abilities, Weirdness & Mutations

You are tiny and cannot use many weapons and most armour.
You have supernaturally acute eyesight.
You are a herbivore.
You cover ground extremely quickly.
You need consume almost no food.


Message History

You kill the orc wizard!
Okawaru accepts your kill. The orc wizard casts a spell at you.
You are confused.
Unknown command.
Evoke which item? (* to show all) (? for menu, Esc to quit)
Zapping:
v - a wand of frost {zapped: 3}
Press: ? - help, Shift-Dir - straight line, f/p - orc wizard
Aim: an orc wizard, wielding an orcish hand axe and wearing an orcish robe (moderately wounded, poisoned, slightly transparent) Evoke which item? (* to show all) (? for menu, Esc to quit)
Zapping:
v - a wand of frost {zapped: 4}
Press: ? - help, Shift-Dir - straight line, f/p - orc wizard
Aim: an orc wizard, wielding an orcish hand axe and wearing an orcish robe (moderately wounded, poisoned, slightly transparent)
The orc wizard gestures at you while chanting.
The puff of flame hits you!
One of your 2 scrolls of remove curse catches fire!
* * * LOW HITPOINT WARNING * * *
The orc wizard points at you and mumbles some strange words.
The magic dart hits you!
You die...

*#######* ........### ###########
**** ......o.(.# #.........# *,,.
........#.####.........#### *,..
,.....oo#.((.#............#***,..
,.......####).o......).##..,**,..
....o..* ###..@......#***,,+...
,,.....o* #.........# ****...
***##'##* ########.## *### #.*
#..# *,* #.## *,* ######.# *,*
###...##.# #### *,* #........#
#... *,* ##.%..._..# #...


You could see an orc wizard (invisible).

Vanquished Creatures
  An orc wizard (D:4)
  A scorpion (D:4)
  Ijyb (D:2)
  7 gnolls
  An adder (D:2)
  A worm (D:3)
  3 giant geckos
  3 orcs
  8 hobgoblins
  A quokka (D:2)
  A ball python (D:2)
  2 bats
  5 giant newts
  6 goblins
  4 jackals (D:1)
  5 kobolds
  8 rats
58 creatures vanquished.

Notes
Turn   | Place    | Note
--------------------------------------------------------------
     0 | D:1      | Deemzul, the Spriggan Assassin, began the quest for the Orb.
     0 | D:1      | Reached XP level 1. HP: 10/10 MP: 1/1
    18 | D:1      | Reached skill level 6 in Stealth
   206 | D:1      | Reached XP level 2. HP: 14/14 MP: 3/3
   654 | D:1      | Reached skill level 7 in Stealth
  1106 | D:2      | Reached XP level 3. HP: 6/18 MP: 5/5
  1475 | D:2      | Noticed Ijyb
  1535 | D:2      | Killed Ijyb
  1827 | D:2      | Reached XP level 4. HP: 9/22 MP: 7/7
  2193 | D:3      | Reached XP level 5. HP: 26/26 MP: 9/9
  2534 | D:3      | Found a radiant altar of Vehumet.
  3132 | D:4      | Noticed an orc warrior
  3257 | D:4      | Found an ancient bone altar of Kikubaaqudgha.
  3257 | D:4      | Found an iron altar of Okawaru.
  3276 | D:4      | Became a worshipper of Warmaster Okawaru
  3326 | D:4      | Reached skill level 8 in Stealth
  3339 | D:4      | Killed from afar by an orc wizard

Action                   |  1- 3 |  4- 6 || total
-------------------------+-------+-------++-------
Melee: Dagger            |    82 |    58 ||   140
 Fire: Blowgun           |    40 |    36 ||    76
Throw: Dart              |       |     7 ||     7
Evoke: Wand              |       |     5 ||     5
  Use: Scroll            |     1 |     4 ||     5
 Stab: Sleeping          |     8 |     6 ||    14
